 Dungeon Crawl Stone Soup version 0.20-a0-809-gaf7f668 (webtiles) character file.

1878 JNO the Grappler (level 9, -3/71 HPs)
             Began as a Ghoul Monk on Mar 2, 2017.
             Was a Believer of Wu Jian.
             Killed from afar by Azzok's ghost (19 damage)
             ... with a flame tongue
             ... on level 7 of the Dungeon.
             The game lasted 00:32:21 (7569 turns).

JNO the Grappler (Ghoul Monk)                       Turns: 7569, Time: 00:32:23

Health: -3/71      AC:  6    Str: 17    XL:     9   Next: 14%
Magic:  17/17      EV: 14    Int:  5    God:    Wu Jian [**....]
Gold:   328        SH:  0    Dex: 12    Spells: 8/8 levels left

rFire    . . .     SeeInvis .     - Unarmed
rCold    + . .     Gourm    .   w - +2 leather armour {rPois}
rNeg     + + +     Faith    .   (no shield)
rPois    ∞         Spirit   .   i - +0 helmet
rElec    .         Reflect  .   (no cloak)
rCorr    .         Harm     .   (no gloves)
MR       .....                  (no boots)
Stlth    +.........             (no amulet)
Regen    0.0/turn               c - ring of wizardry
MPRegen  0.2/turn               t - ring of magical power

@: liquid flames, rotting, glowing
A: rotting body, claws 1, carnivore 3, cold resistance 1, negative energy
resistance 3, inhibited regeneration, torment resistance, unbreathing
a: Renounce Religion


You were on level 7 of the Dungeon.
You worshipped Wu Jian.
Wu Jian was pleased with you.
You were not hungry.

You visited 2 branches of the dungeon, and saw 8 of its levels.

You collected 328 gold pieces.

Inventory:

Missiles
 e - 170 stones (quivered)
Armour
 i - a +0 helmet (worn)
 q - a +0 plate armour
 w - a +2 leather armour of poison resistance (worn)
Jewellery
 c - a ring of wizardry (right claw)
 t - a ring of magical power (left claw)
Wands
 p - a wand of polymorph (11/24)
 v - a wand of flame (37/48)
Scrolls
 b - a scroll of identify
 g - a scroll of brand weapon {unknown}
 h - 2 scrolls of remove curse
 j - a scroll of enchant weapon
 l - 2 scrolls of amnesia
 o - a scroll of blinking
 r - a scroll of teleportation
 u - a scroll of enchant armour {unknown}
 y - a scroll of immolation {unknown}
Potions
 a - a potion of flight
 f - 2 potions of brilliance
 m - a potion of lignification
 n - 3 potions of curing
 s - a potion of might
 x - 2 potions of haste
Comestibles
 d - a chunk of flesh
 k - 2 royal jellies


   Skills:
 + Level 4.2 Fighting
 + Level 5.4 Armour
 + Level 5.7 Dodging
 - Level 2.1 Stealth
 + Level 9.1 Unarmed Combat


You had 8 spell levels left.
You didn't know any spells.

Dungeon Overview and Level Annotations

Branches:
Dungeon (7/15)             Temple (1/1) D:6

Altars:
Ashenzari
Cheibriados
Dithmenos
Elyvilon
Fedhas
Gozag
Kikubaaqudgha
Makhleb
Nemelex Xobeh
Okawaru
Ru
Sif Muna
Vehumet
Wu Jian
Zin
The Shining One

Annotations:
D:3 Graouh's ghost, amateur MiFi
D:4 exclusion: downstairs
D:7 Azzok's ghost, novice GrFE


Innate Abilities, Weirdness & Mutations

Your body is rotting away.
You thrive on raw meat.
You are immune to poison.
You have sharp fingernails.
You are carnivorous and can eat meat at any time.
Your flesh is cold resistant. (rC+)
You are immune to negative energy. (rN+++)
You do not regenerate when monsters are visible.
You are immune to unholy pain and torment.
You can survive without breathing.


Message History

You are covered in liquid flames!
Eat one of 2 chunks of flesh? (ye/n/q)
You eat one of the 2 chunks of flesh.
This raw flesh tastes great!
You are covered in liquid flames!
Azzok's ghost sprays you with burning goo.
The sticky flame hits you!
You are covered in liquid flames!
* * * LOW HITPOINT WARNING * * *
You feel better.
You are covered in liquid flames!
* * * LOW HITPOINT WARNING * * *
Azzok's ghost barely misses you.
You scratch Azzok's ghost but do no damage.
Azzok's ghost is almost destroyed.
You are covered in liquid flames!
* * * LOW HITPOINT WARNING * * *
Azzok's ghost wails, "You will never get the ORB!"
Azzok's ghost points at you and mumbles some strange words.
The flame tongue hits you!
You die...

#.# ### #.# #.. ### #.# #.#
..# #.# #.# #.# #.###.# #.#
#...... #.# #####.# #.#
#...# #+ #@# #.### ... #W#
#.# .... #.## #.### .....
#..###########.#.#
Y.....####(.....##.....((..
......').((...)............
......####...##.##.###.#...
..... ##)###.##.# #.##.#
.... ##....##.###.##.#


You could see Azzok's ghost.

Vanquished Creatures
  The ghost of Malvoorn the Poker, an amateur MfSk of Ashenzari (D:5)
  Sigmund (D:2)
  Eustachio (D:5)
  Duvessa (D:5)
  A phantom (D:5)
  An ogre (D:6)
  2 centaurs
  Dowan (D:5)
  A scorpion (D:5)
  A crimson imp (D:5)
  A centaur zombie (D:5)
  2 bullfrog zombies
  3 hounds
  2 orc priests
  A jelly (D:6)
  A quasit (D:5)
  5 orc wizards
  2 iguanas
  2 worker ants (D:5)
  A hound zombie (D:6)
  A hound skeleton (D:4)
  Robin (D:2)
  12 adders
  A shadow imp (D:5)
  An ooze (D:3)
  An adder skeleton (D:5)
  3 worms
  2 leopard geckos
  14 orcs
  11 bats
  5 giant cockroaches
  16 goblins
  7 hobgoblins
  7 jackals
  3 quokkas
  3 ball pythons
  2 frilled lizards
  8 kobolds
  7 rats
136 creatures vanquished.

Notes
Turn   | Place    | Note
-------+----------+-------------------------------------------
     0 | D:1      | JNO the Ghoul Monk began the quest for the Orb.
     0 | D:1      | Reached XP level 1. HP: 19/19 MP: 0/0
   113 | D:1      | Reached XP level 2. HP: 17/26 MP: 1/1
  1132 | D:2      | Reached XP level 3. HP: 31/31 MP: 2/2
  1314 | D:2      | Reached skill level 1 in Armour
  1314 | D:2      | Reached skill level 4 in Unarmed Combat
  1536 | D:2      | Noticed Sigmund
  1578 | D:1      | Reached XP level 4. HP: 37/38 MP: 3/3
  1999 | D:2      | Noticed Robin
  2048 | D:2      | Killed Robin
  2855 | D:3      | Reached XP level 5. HP: 45/45 MP: 4/4
  3015 | D:3      | Reached skill level 5 in Unarmed Combat
  3251 | D:3      | Noticed Graouh's ghost (amateur MiFi)
  3299 | D:2      | HP: 2/45 [adder (4)]
  3654 | D:3      | Found a blossoming altar of Fedhas.
  4223 | D:4      | Reached XP level 6. HP: 46/49 MP: 5/5
  4402 | D:4      | Found a glowing silver altar of Zin.
  4404 | D:4      | Found a white marble altar of Elyvilon.
  4470 | D:5      | Entered Level 5 of the Dungeon
  4631 | D:5      | Noticed a phantom
  5006 | D:5      | Noticed Malvoorn's ghost (amateur MfSk)
  5028 | D:5      | Killed Malvoorn's ghost
  5028 | D:5      | Reached XP level 7. HP: 32/58 MP: 6/6
  5407 | D:5      | Found a radiant altar of Vehumet.
  5557 | D:5      | Noticed Eustachio
  5561 | D:5      | Noticed Duvessa
  5598 | D:5      | Killed Duvessa
  5598 | D:5      | Reached skill level 6 in Unarmed Combat
  5636 | D:5      | Reached XP level 8. HP: 54/66 MP: 7/7
  5690 | D:5      | Killed Eustachio
  5690 | D:5      | Reached skill level 5 in Dodging
  5742 | D:5      | Noticed Dowan
  5752 | D:5      | Killed Dowan
  5978 | D:5      | Reached skill level 7 in Unarmed Combat
  5987 | D:5      | Reached skill level 5 in Armour
  6232 | D:6      | Found a staircase to the Ecumenical Temple.
  6248 | Temple   | Entered the Ecumenical Temple
  6384 | Temple   | Became a worshipper of the Wu Jian Council
  6384 | Temple   | Reached * piety under Wu Jian
  6384 | Temple   | Reached ** piety under Wu Jian
  6422 | D:6      | Found a sacrificial altar of Ru.
  6483 | D:6      | Reached skill level 8 in Unarmed Combat
  6688 | D:6      | Found an ornate altar of the Wu Jian Council.
  7141 | D:2      | Killed Sigmund
  7141 | D:2      | Reached XP level 9. HP: 50/71 MP: 8/8
  7373 | D:7      | Reached skill level 9 in Unarmed Combat
  7539 | D:7      | Noticed Azzok's ghost (novice GrFE)
  7569 | D:7      | Killed from afar by Azzok's ghost

Vault maps used:
D:1:      saegor_arrival_simple_d
D:2:      uniq_sigmund, uniq_robin
D:3:      fedhas_altar_2
D:4:      nicolae_overflow_hidden_temple
D:5:      first_bread, vehumet_altar_wand_db, uniq_duvessa, uniq_eustachio
D:6:      temple_fountains, basic_altar, nicolae_ru_great_annihilating_truth
D:7:      xom_teletrap_fun, kennysheep_mini_moat, basic_altar, serial_shops,
          shop
Temple:   dshaligram_water_room_temple

Skill      XL: |  1  2  3  4  5  6  7  8  9 |
---------------+----------------------------+-----
Dodging        | 3 4 5 |  5.7
Armour         | 1 2 4 5 |  5.4
Unarmed Combat | 4 5 6 8 9 |  9.1
Fighting       | 4 |  4.2
Stealth        | |  2.1

Action                   |  1- 3 |  4- 6 |  7- 9 || total
-------------------------+-------+-------+-------++-------
Melee: Unarmed           |   102 |   259 |   231 ||   592
       Punch             |     3 |     8 |    10 ||    21
Throw: Stone             |       |       |     5 ||     5
  Use: Scroll            |       |    13 |     5 ||    18
       Potion            |       |       |     2 ||     2
 Stab: Sleeping          |     2 |     2 |     3 ||     7
       Paralysed         |       |       |     1 ||     1
  Eat: Chunk             |    13 |    19 |    24 ||    56
       Meat ration       |     1 |       |       ||     1
       Royal jelly       |       |     2 |       ||     2
Armor: Leather armour    |    18 |    56 |    33 ||   107
       Robe              |     2 |       |       ||     2
Dodge: Dodged            |    74 |   165 |   133 ||   372
